 Dungeon Crawl Stone Soup version 0.20.0-15-g7f486f2 (webtiles) character file.

427 Kosschaser the Chopper (level 6, -3/57 HPs)
             Began as a Deep Dwarf Fighter on June 24, 2017.
             Killed by divine providence
             ... invoked by an orc priest
              (9 damage)
             ... on level 4 of the Dungeon.
             The game lasted 00:06:25 (2335 turns).

Kosschaser the Chopper (Deep Dwarf Fighter)         Turns: 2335, Time: 00:06:26

Health: -3/57      AC:  7    Str: 21    XL:     6   Next: 65%
Magic:  3/3        EV: 10    Int:  9    God:
Gold:   224        SH:  0    Dex: 12    Spells: 5/5 levels left

rFire    . . .     SeeInvis .   a - +0 war axe
rCold    . . .     Gourm    .   (no shield)
rNeg     . . .     Faith    .   b - +0 scale mail
rPois    .         Spirit   .   (no helmet)
rElec    .         Reflect  .   (no cloak)
rCorr    .         Harm     .   (no gloves)
MR       .....                  (no boots)
Stlth    ..........             (no amulet)
Regen    0.0/turn               (no ring)
MPRegen  0.1/turn               (no ring)

@: non-regenerating
A: damage resistance, heal wounds, sense surroundings 1, no regeneration
a: Heal Wounds


You were on level 4 of the Dungeon.
You were hungry.

You visited 1 branch of the dungeon, and saw 4 of its levels.

You collected 236 gold pieces.
You spent 12 gold pieces at shops.

Inventory:

Hand Weapons
 a - a +0 war axe (weapon)
Armour
 b - a +0 scale mail (worn)
Wands
 l - a wand of polymorph (11/24)
 x - a wand of acid (5/15)
Scrolls
 i - 2 scrolls of teleportation {unknown}
 j - 2 scrolls of amnesia {unknown}
 n - a scroll of random uselessness {unknown}
 o - 3 scrolls of blinking {unknown}
 p - a scroll of magic mapping {unknown}
 q - 2 scrolls of remove curse {unknown}
 r - a scroll of enchant weapon {unknown}
 w - 2 scrolls of identify {unknown}
 y - a scroll of enchant armour {unknown}
Potions
 d - a potion of might
 e - a potion of invisibility {unknown}
 g - 2 potions of curing {unknown}
 h - 3 potions of heal wounds {unknown}
 m - a potion of flight {unknown}
 s - a potion of mutation {unknown}
 t - a potion of resistance {unknown}
 u - 2 potions of haste {unknown}
Books
 v - a book of Cantrips

   Spells                             Type                      Level
   a - Confusing Touch                Hexes                        1
   b - Animate Skeleton               Necromancy                   1
   c - Summon Small Mammal            Summoning                    1
   d - Apportation                    Translocation                1
Comestibles
 c - 3 meat rations
 f - 5 bread rations
 k - 3 royal jellies


   Skills:
 + Level 3.7 Fighting
 + Level 5.9 Axes
 + Level 4.6 Armour
 + Level 1.8 Dodging
 + Level 0.3 Stealth
   Level 3.2 Shields


You had 5 spell levels left.
You didn't know any spells.

Dungeon Overview and Level Annotations

Branches:
Dungeon (4/15)
 Temple: D:4-7

Altars:
Ashenzari
Elyvilon
Gozag
Yredelemnul
Zin
The Shining One

Shops:
D:4 !


Innate Abilities, Weirdness & Mutations

You are resistant to damage.
You can heal yourself by infusing magical energy.
You passively map a small area around you.
You do not regenerate.


Message History

The orc priest mumbles some strange prayers to Beogh against you.
Beogh smites you!
* * * LOW HITPOINT WARNING * * *
Found a coppery potion.
An orc comes into view. It is wielding a dagger.
The orc shouts!
Found a basalt altar of Yredelemnul.
An orc priest comes into view. It is wielding a dagger.
An orc wizard comes into view. It is wielding a dagger.
The orc priest shouts!
The orc wizard shouts! 2 orcs come into view.
The orc shouts! x2
The orc completely misses you.
Okay, then.
Saving game... please wait.
Welcome back, Kosschaser the Deep Dwarf Fighter.
Press ? for a list of commands and other information.
The orc priest calls down the wrath of Beogh upon you.
Beogh smites you!
You die...

## .......o### .#
,.....##o... .# * *
*###..##)... .# #..##.###
.# * #..##.# .# # . ,
#..##o# ...# .P. * #.....#
.#.##
.._o.###########...###
#.....#
*.PoPooo@o...o..#...#
.#.##.#
......########.#...#
...##.# *##### * #.....#
.# *#.# #.#..## .# #.### *
#.#....# .# #...
.#########.##.#.# .# ##.##
*..............#.#
.###...####
*########...#### #
..........########......##
*,


You could see an orc warrior, 2 orc priests, an orc wizard and 3 orcs.

Vanquished Creatures
  Sigmund (D:2)
  A scorpion (D:4)
  An orc priest (D:3)
  An orc wizard (D:4)
  Ijyb (D:4)
  Terence (D:3)
  4 adders
  3 dart slugs
  3 leopard geckos
  14 orcs
  2 ball pythons (D:4)
  3 giant cockroaches
  6 goblins
  9 hobgoblins
  A quokka (D:2)
  5 bats
  3 frilled lizards
  7 kobolds
  5 rats
71 creatures vanquished.

Notes
Turn   | Place    | Note
-------+----------+-------------------------------------------
     0 | D:1      | Kosschaser the Deep Dwarf Fighter began the quest for the Orb.
     0 | D:1      | Reached XP level 1. HP: 20/20 MP: 1/1
    60 | D:1      | Reached XP level 2. HP: 27/27 MP: 2/2
   429 | D:1      | Reached skill level 3 in Axes
   569 | D:2      | Noticed Sigmund
   578 | D:2      | Killed Sigmund
   578 | D:2      | Reached skill level 4 in Axes
   578 | D:2      | Reached skill level 1 in Dodging
   578 | D:2      | Reached XP level 3. HP: 34/34 MP: 3/3
   578 | D:2      | Reached XP level 4. HP: 42/42 MP: 4/4
   578 | D:2      | Reached XP level 5. HP: 49/49 MP: 5/5
   752 | D:2      | Found a shattered altar of Ashenzari.
  1000 | D:2      | Found a faded altar of an unknown god.
  1076 | D:2      | Found a glowing golden altar of the Shining One.
  1076 | D:2      | Found a white marble altar of Elyvilon.
  1077 | D:2      | Found a glowing silver altar of Zin.
  1371 | D:3      | Found an opulent altar of Gozag.
  1386 | D:3      | Reached skill level 5 in Axes
  1674 | D:3      | Reached XP level 6. HP: 51/56 MP: 5/5
  1683 | D:3      | Noticed Terence
  1694 | D:3      | Killed Terence
  2100 | D:4      | Noticed Ijyb
  2109 | D:4      | Killed Ijyb
  2217 | D:4      | Found Qotyreolos's Distillery.
  2226 | D:4      | Bought a potion of degeneration for 12 gold pieces
  2271 | D:4      | Noticed an orc warrior
  2332 | D:4      | Found a basalt altar of Yredelemnul.
  2335 | D:4      | Killed from afar by an orc priest

Skill      XL: |  1  2  3  4  5 |
---------------+----------------+-----
Fighting       | 3 |  3.7
Axes           | 4 5 |  5.9
Armour         | 4 |  4.6
Dodging        | 1 |  1.8
Stealth        | |  0.3
Shields        | |  3.2

Action                   |  1- 3 |  4- 6 || total
-------------------------+-------+-------++-------
Melee: War axe           |    73 |   146 ||   219
 Abil: Heal Wounds       |       |     6 ||     6
  Eat: Chunk             |       |     4 ||     4
Armor: Scale mail        |    44 |    60 ||   104
       Skin              |     2 |       ||     2
Dodge: Dodged            |    47 |    90 ||   137
